 Dungeon Crawl Stone Soup version 0.10-a0-568-g48dfb43 character file.

131 vogonpoet the Magician (level 3, 0/19 HPs)
             Began as an Octopode Wizard on Sept 7, 2011.
             Slain by a jackal (1 damage)
             ... on Level 1 of the Dungeon.
             The game lasted 00:06:36 (1344 turns).

vogonpoet the Magician (Octopode Wizard)            Turns: 1344, Time: 00:06:36

HP   0/19        AC  1     Str  6      XL: 3   Next: 89%
MP   0/10        EV 12     Int 21      God:
Gold 78          SH  0     Dex 10      Spells:  4 memorised,  3 levels left

Res.Fire  : . . .   See Invis. : .   f - +1,+0 dagger
Res.Cold  : . . .   Warding    : . . (no shield)
Life Prot.: . . .   Conserve   : .   b - +0 wizard hat
Res.Acid. : . . .   Res.Corr.  : .   h - amulet of controlled flight {unknown}
Res.Poison: .       Clarity    : .   (no ring)
Res.Elec. : .       Spirit.Shd : .   (no ring)
Sust.Abil.: . .     Stasis     : .   (no ring)
Res.Mut.  : .       Ctrl.Telep.: .   (no ring)
Res.Rott. : .       Levitation : .   (no ring)
Saprovore : . . .   Ctrl.Flight: +   (no ring)
                                     (no ring)
                                     (no ring)

@: not resistant to hostile enchantments, quite stealthy
A: almost no armour, amphibious, beak, camouflage 1, tentacles 3, AC +1
a: no special abilities


You were on level 1 of the Dungeon.
You were not hungry.

You visited 1 branch of the dungeon, and saw 2 of its levels.

You collected 58 gold pieces.

Inventory:

Hand weapons
 f - a +1,+0 dagger (weapon)
 g - a +0,+0 dagger
Missiles
 a - 21 poisoned +0 needles
 l - 5 +0 javelins (quivered)
Armour
 b - a +0 wizard hat (worn)
Comestibles
 d - 3 bread rations
 p - a rotting chunk of iguana flesh
 q - a rotting chunk of rat flesh
 r - an orange
Scrolls
 e - a scroll of magic mapping
 i - a scroll of curse armour {unknown}
 j - a scroll of blinking {unknown}
 k - 2 scrolls of remove curse
 m - a scroll of curse jewellery {unknown}
 n - a scroll of detect curse {unknown}
 o - a scroll of amnesia {unknown}
 s - a scroll of curse weapon {unknown}
Jewellery
 h - an amulet of controlled flight (around mantle) {unknown}
 t - a +3 ring of protection {unknown}
Books
 c - a book of Minor Magic

   Spells                             Type                      Level
   *Magic Dart                        Conjuration                  1
   *Blink                             Translocation                2
   *Call Imp                          Summoning                    2
   *Repel Missiles                    Charms/Air                   2
   Slow                               Hexes                        2
   Conjure Flame                      Conjuration/Fire             3
   Mephitic Cloud                     Conjuration/Poison/Air       3


   Skills:
 - Level 2 Dodging
 - Level 3 Stealth
 * Level 4 Spellcasting
 + Level 1 Conjurations
 + Level 1 Summonings
 * Level 1 Translocations


You had 3 spell levels left.
You knew the following spells:

 Your Spells              Type           Power        Success   Level  Hunger
a - Magic Dart            Conj           ##...        Great       1    None
b - Call Imp Summ         ##........     Very         Good        2    Sultana
c - Repel Missiles Air/Chrm #.........     Very         Good        2    Sultana
d - Blink Tloc            N/A            Very         Good        2    Sultana

Dungeon Overview and Level Annotations

Branches:
Dungeon (2/27)

Altars:


Innate Abilities, Weirdness & Mutations

You cannot wear most types of armour.
You can wear up to eight rings at the same time.
You are amphibious.
You have a beak for a mouth.
Your rubbery body absorbs attacks (AC +1).
Your skin changes color to match your surroundings (Stlth).
You have a mass of large tentacles instead of arms.


Message History

The jackal bites you but does no damage.
Your imp hits the jackal. The jackal barely misses your imp.
The jackal bites your imp. The rat barely misses you.
Your imp hits the jackal. The jackal closely misses you.
The jackal bites your imp. The rat closely misses you.
There is a stone staircase leading up here.
Okay, then.
Your imp hits the rat. The jackal closely misses your imp.
The jackal bites your imp. The jackal closely misses you.
Helpless, you fail to dodge the rat's attack.
The rat bites you.
* * * LOW HITPOINT WARNING * * *
You climb upwards.
The jackal closely misses you. The rat barely misses you.
There is a stone staircase leading down here.
Casting: Call Imp
Confirm with . or Enter, or press ? or * to list all spells.
You blink.
You smell something rotten. (slots p and q)
The jackal bites you.
You die...

#.............................
#.........###.########........
#.............................
#########.###.########........
#######.###.########........
#...........%...............
#.#####.###.########.#######
#.#####.###.########.#######
#..).......@h..r............
#..####.#..........#.######.
######..## #.#.........>#.# #.
#........########################
#.####...=.....#...........#.....
#.# #...#####.#.#########.#.####
#.# #...#.....#.....#.....#.....
#.####...#.#########.#.#########.
#....#...#...........#...........


You could see a jackal and a rat.

Vanquished Creatures
  A snake (D:2)
  4 bats (D:1)
  A giant cockroach (D:2)
  3 hobgoblins (D:1)
  3 kobolds
  A giant gecko (D:1)
  4 giant newts
  3 goblins
  3 rats (D:1)
  A small snake (D:1)
  A toadstool (D:1)
25 creatures vanquished.

Vanquished Creatures (collateral kills)
  An iguana (D:2)
  A snake (D:2)
  A worm (D:2)
  A hobgoblin (D:1)
  A rat (D:2)
5 creatures vanquished.

Vanquished Creatures (others)
  An imp (D:2)
  2 toadstools (D:1)
3 creatures vanquished.

Grand Total: 33 creatures vanquished

Notes
Turn   | Place    | Note
--------------------------------------------------------------
     0 | D:1      | vogonpoet, the Octopode Wizard, began the quest for the Orb.
     0 | D:1      | Reached XP level 1. HP: 9/9 MP: 5/5
   277 | D:1      | Reached XP level 2. HP: 15/15 MP: 5/7
   281 | D:1      | Learned a level 2 spell: Call Imp
   284 | D:1      | Learned a level 2 spell: Repel Missiles
   287 | D:1      | Learned a level 2 spell: Blink
   521 | D:1      | Reached skill level 4 in Spellcasting
  1005 | D:2      | Reached XP level 3. HP: 7/19 MP: 2/10
  1344 | D:1      | Slain by a jackal
